 Dungeon Crawl Stone Soup version 0.27.1-1-g398f81649c (webtiles) character file.

Game seed: 4981374923346937855

26 DearestLeader the Grave Robber (level 2, 0/19 HPs)
             Began as a Demonspawn Necromancer on Sept 14, 2021.
             Slain by a rat (1 damage)
             ... on level 1 of the Dungeon.
             The game lasted 00:01:41 (1411 turns).

DearestLeader the Grave Robber (DsNe)               Turns: 1411, Time: 00:01:41

Health: 0/19       AC:  2    Str:  8    XL:     2   Next: 89%
Magic:  3/5        EV: 12    Int: 16    God:
Gold:   21         SH:  0    Dex: 13    Spells: 4/5 levels left

rFire    . . .     SeeInvis .   c - +0 whip
rCold    . . .     Faith    .   (no shield)
rNeg     . . .     Spirit   .   a - +0 robe
rPois    +         Reflect  .   (helmet restricted)
rElec    .         Harm     .   (no cloak)
rCorr    .         Rampage  .   (no gloves)
Will     .....                  (no boots)
Stlth    ++........             (no amulet)
HPRegen  0.06/turn              i - ring of poison resistance
MPRegen  0.09/turn              (no ring)

@: no status effects
A: antennae 1
a: no special abilities


You were on level 1 of the Dungeon.
You visited 1 branch of the dungeon, and saw 2 of its levels.

You collected 21 gold pieces.

Inventory:

Hand Weapons
 c - a +0 whip (weapon)
Armour
 a - a +0 robe (worn)
 d - a +0 chain mail
Jewellery
 i - a ring of poison resistance (left hand)
Scrolls
 b - a scroll of noise {unknown}
 f - 2 scrolls of identify {unknown}
 j - a scroll of torment {unknown}
 k - a scroll of blinking {unknown}
 l - a scroll of enchant weapon {unknown}
Potions
 e - a potion of curing {unknown}
 g - 2 potions of magic {unknown}
 h - a potion of heal wounds {unknown}


   Skills:
 - Level 1.7 Dodging
 - Level 1.7 Stealth
 - Level 2.0 Spellcasting
 * Level 5.4 Necromancy


You had 4 spell levels left.
You knew the following spells:

 Your Spells              Type           Power      Damage    Failure   Level
a - Pain                  Necr           76%        1d7       2%          1

Your spell library contained the following spells:

 Spells                   Type           Power      Damage    Failure   Level
 Animate Skeleton         Necr           38%        N/A       2%          1
 Vampiric Draining        Necr           9%         2d7       7%          3
 Animate Dead             Necr           9%         N/A       22%         4
 Agony                    Necr           19%        N/A       52%         5


Dungeon Overview and Level Annotations

Branches:
Dungeon (2/15)

Altars:

Annotations:
D:2 Robin


Innate Abilities, Weirdness & Mutations

You have a pair of small antennae on your head.


Message History

Aiming: Pain (safe; 2% risk of failure)
Press: ? - help, Shift-Dir - straight line, f/p - adder
Aim: an adder (chance to affect: 84%)
The adder writhes in agony.
The adder bites you.
Unknown command.
You hit the adder.
The adder is heavily wounded.
The adder barely misses you.
You closely miss the adder.
The adder is heavily wounded.
The adder closely misses you. The adder bites you.
You miss the adder.
The adder is heavily wounded.
The adder bites you.
You are too injured to fight recklessly!
You are too injured to fight recklessly!
Casting: Pain (safe; 2% risk of failure)
Confirm with . or Enter, or press ? or * to list all spells.
Aiming: Pain (safe; 2% risk of failure)
Press: ? - help, Shift-Dir - straight line, f/p - adder
Aim: an adder (heavily wounded, chance to affect: 84%)
The adder writhes in agony.
You kill the adder!
Your magical contamination has completely faded away.
You closely miss the rat. The rat closely misses you.
You barely miss the rat. The rat bites you but does no damage.
The rat bites you.
You closely miss the rat. The rat bites you.
* * * LOW HITPOINT WARNING * * *
There is a stone staircase leading up here.
The rat bites you.
* * * LOW HITPOINT WARNING * * *
You climb upwards.
There is a stone staircase leading down here.
You closely miss the rat. The rat bites you.
* * * LOW HITPOINT WARNING * * *
You closely miss the rat. The rat bites you.
* * * LOW HITPOINT WARNING * * *
You hit the rat but do no damage. The rat bites you.
You die...

....#.# #.##.#.#.#.# ....#.#
#.##.#.#.#.# ....#.###
#..#.#.#.#.# ....#...#
##.#.#.#.#.# ....###.#
#.#.#.#.#.# ....#.#.#
#.#.#.#.#.#
....#.#.######...#.#.#.#
##..............r..#.#.#######
##.####'#######.@....#.##....#
.................#####.##.####
###.##...........#####.##.#
###.##.................##.#
.##.##............#######.#
.'..##............# #.....#
.#####............###.##### .#
#................# .#
#...........######


You could see a rat.

Vanquished Creatures
  An adder (D:2)
  2 ball pythons
  2 bats
  A giant cockroach (D:1)
  4 goblins
  A hobgoblin (D:2)
  A kobold (D:1)
  A quokka (D:1)
  2 frilled lizards
15 creatures vanquished.

Notes
Turn   | Place    | Note
-------+----------+-------------------------------------------
     0 | D:1      | DearestLeader the Demonspawn Necromancer began the quest
                  | for the Orb.
     0 | D:1      | Reached XP level 1. HP: 13/13 MP: 3/3
   624 | D:1      | Gained mutation: You have a pair of small antennae on your
                  | head. [demonic ancestry]
   624 | D:1      | Reached XP level 2. HP: 18/19 MP: 3/5
   871 | D:1      | Reached skill level 5 in Necromancy
  1236 | D:2      | Noticed Robin
  1411 | D:1      | Slain by a rat

Illustrated notes

Levels and vault maps discovered:
D:1:      dpeg_arrival_leaves_temple_mockup, layout_basic
D:2:      layout_rooms, basic_altar, st_stairs_9, uniq_robin

Skill      XL: |  1  2 |
---------------+-------+-----
Necromancy     | 5 |  5.4
Dodging        | |  1.7
Stealth        | |  1.7
Spellcasting   | |  2.0

Action                   || total
-------------------------++-------
Melee: Whip              ||    35
 Cast: Pain              ||    17
Armor: Robe              ||     9
Dodge: Dodged            ||    31
